 Dungeon Crawl Stone Soup version 0.24-a0-446-g87df7205b4 (webtiles) character file.

Game seed: 146618687193379493

5590 aspa the Thaumaturge (level 10, -3/56 HPs)
             Began as an Octopode Wizard on June 23, 2019.
             Was a Believer of Vehumet.
             Shot with an arrow by a centaur (11 damage)
             ... on level 8 of the Dungeon.
             The game lasted 00:54:48 (11225 turns).

aspa the Thaumaturge (Octopode Wizard)             Turns: 11225, Time: 00:54:49

Health: -3/56      AC:  2    Str:  6    XL:     10   Next: 72%
Magic:  22/27      EV: 13    Int: 25    God:    Vehumet [**....]
Gold:   343        SH:  0    Dex: 13    Spells: 22/36 levels left

rFire    . . .     SeeInvis .   b - +2 trident (protect)
rCold    . . .     Gourm    .   (no shield)
rNeg     . . .     Faith    .   k - +1 hat
rPois    .         Spirit   .   (no amulet)
rElec    .         Reflect  .   g - +3 ring of dexterity
rCorr    .         Harm     .   (no ring)
MR       .....                  (no ring)
Stlth    +++.......             (no ring)
HPRegen  0.18/turn              (no ring)
MPRegen  0.20/turn              (no ring)
                                (no ring)
                                (no ring)

@: no status effects
A: almost no armour, stealthy swim, amphibious, 8 rings, constrict 8, camouflage
1, gelatinous body 1
a: Renounce Religion


You were on level 8 of the Dungeon.
You worshipped Vehumet.
Vehumet was pleased with you.
You were not hungry.

You visited 2 branches of the dungeon, and saw 10 of its levels.

You collected 343 gold pieces.

Inventory:

Hand Weapons
 b - a +2 trident of protection (weapon)
Armour
 k - a +1 hat (worn)
Jewellery
 g - a +3 ring of dexterity (left tentacle)
Wands
 p - a wand of paralysis (7)
 t - a wand of enslavement (5)
Scrolls
 d - 3 scrolls of teleportation
 e - a scroll of fear {unknown}
 h - a scroll of magic mapping {unknown}
 i - a scroll of enchant weapon {unknown}
 j - 3 scrolls of identify
 o - 3 scrolls of remove curse
Potions
 n - 2 potions of might
 r - a potion of haste
 s - a potion of resistance
 x - a potion of lignification
Miscellaneous
 q - a phantom mirror
Comestibles
 c - 7 rations
 f - 9 chunks of flesh


   Skills:
 - Level 2.0 Dodging
 - Level 2.6 Stealth
 + Level 13.8 Spellcasting
 - Level 3.1 Conjurations
 - Level 1.0 Summonings
 - Level 1.0 Translocations


You had 22 spell levels left.
You knew the following spells:

 Your Spells              Type           Power        Failure   Level  Hunger
a - Magic Dart            Conj           ####         1%          1    None
b - Call Imp              Summ           ###.....     3%          2    None
c - Mephitic Cloud        Conj/Pois/Air  ###.....     6%          3    None
d - Blink                 Tloc           N/A          3%          2    None
e - Slow                  Hex            ###.....     4%          2    None
f - Conjure Flame         Conj/Fire      ####....     5%          3    None
g - Sting                 Conj/Pois      ####         1%          1    None

Your spell library contained the following spells:

 Spells                   Type           Power        Failure   Level  Hunger


Dungeon Overview and Level Annotations

Branches:
Dungeon (9/15)             Temple (1/1) D:6
   Lair: D:8-11         Orc: D:9-12

Altars:
Ashenzari
Cheibriados
Dithmenos
Elyvilon
Fedhas
Gozag
Hepliaklqana
Kikubaaqudgha
Makhleb
Nemelex Xobeh
Okawaru
Qazlal
Ru
Sif Muna
Trog
Uskayaw
Vehumet
Wu Jian
Xom
Yredelemnul
Zin


Innate Abilities, Weirdness & Mutations

You cannot wear most types of armour.
You are very stealthy in the water. (Stealth+)
You are amphibious.
You can wear up to eight rings at the same time.
You can use your tentacles to constrict eight enemies at once.
Your skin changes colour to match your surroundings (Stealth+).
Your rubbery body absorbs attacks. (AC +1, EV +1)


Message History

Aiming: Sting (safe; 1% risk of failure)
Press: ? - help, Shift-Dir - straight line, f/p - centaur
Aim: a centaur, wielding a +0 shortbow of flaming (moderately wounded)
The sting hits the centaur.
The centaur is poisoned.
The centaur is moderately wounded.
The centaur shoots an arrow.
The arrow hits you! The arrow burns you.
You swap places.
The centaur shoots an arrow.
The arrow hits your white imp. The arrow burns your white imp.
The centaur shoots an arrow.
The arrow closely misses your white imp.
The arrow hits you!
* * * LOW HITPOINT WARNING * * *
The arrow burns you.
* * * LOW HITPOINT WARNING * * *
You see here an arrow.
The centaur shoots an arrow.
The arrow hits your white imp! The arrow burns your white imp.
Your white imp dies!
You feel better.
The centaur shoots an arrow.
The arrow misses your shadow imp. The arrow hits you!
You die...

#...........# #.......+ #
#...........# #.......####
#...........# #.......+...
#...........# #.......####
#........$..# #.......##.#
#...........####.......##..
..)................).##.#
...c..5((((............##<#
........##@..........รท.####
........##.........##..#
........##.........##..#
........##############..#
........+ ..# ...(....## ..#
.....a.<.# ... ...........#
.... ........####


You could see a centaur and a friendly shadow imp.

Vanquished Creatures
  2 orc knights (D:7)
  Grinder (D:5)
  A hippogriff (D:7)
  Eustachio (D:5)
  14 wargs
  7 orc warriors (D:7)
  An ice beast (D:7)
  A hornet zombie (D:8)
  A necrophage (D:6)
  A phantom (D:4)
  3 ogres
  A centaur (D:8)
  2 bullfrogs
  A wyvern skeleton (D:6)
  A scorpion (D:4)
  2 crimson imps
  2 centaur skeletons
  5 orc priests
  A bullfrog skeleton (D:5)
  3 hounds
  2 orc wizards
  Ijyb (D:4)
  4 iguanas
  5 worker ants
  A hound zombie (D:7)
  3 hound skeletons
  A worker ant zombie (D:7)
  2 gnolls (D:3)
  8 adders
  3 shadow imps (D:3)
  An ooze (D:4)
  An adder skeleton (D:7)
  An adder zombie (D:7)
  3 worms
  2 leopard geckos
  48 orcs
  4 giant cockroaches
  6 goblins
  2 hobgoblins (D:3)
  A jackal (D:1)
  5 kobolds
  A quokka (D:7)
  A ball python (D:3)
  5 bats
  3 frilled lizards
  5 rats
  A plant (D:3)
171 creatures vanquished.

Vanquished Creatures (collateral kills)
  Blork the orc (D:6)
  A howler monkey (D:5)
  A crimson imp (D:5)
  2 gnolls (D:3)
  A shadow imp (D:5)
  A worm (D:2)
  An orc (D:2)
  3 jackals (D:1)
  A bat (D:3)
12 creatures vanquished.

Vanquished Creatures (others)
  4 toadstools (D:1)
4 creatures vanquished.

Grand Total: 187 creatures vanquished

Notes
Turn   | Place    | Note
-------+----------+-------------------------------------------
     0 | D:1      | aspa the Octopode Wizard began the quest for the Orb.
     0 | D:1      | Reached XP level 1. HP: 11/11 MP: 4/4
   280 | D:1      | Reached XP level 2. HP: 17/17 MP: 1/6
   284 | D:1      | Learned a level 2 spell: Call Imp
  1118 | D:2      | Reached XP level 3. HP: 18/21 MP: 1/8
  1123 | D:2      | Learned a level 3 spell: Mephitic Cloud
  1126 | D:2      | Learned a level 2 spell: Blink
  1898 | D:3      | Reached skill level 4 in Spellcasting
  1898 | D:3      | Reached XP level 4. HP: 19/27 MP: 1/10
  2118 | D:3      | Learned a level 2 spell: Slow
  2133 | D:4      | Noticed Ijyb
  2606 | D:3      | Reached XP level 5. HP: 17/31 MP: 0/11
  2705 | D:3      | Learned a level 3 spell: Conjure Flame
  2714 | D:3      | Found a transporter.
  2905 | D:3      | Reached skill level 5 in Spellcasting
  2909 | D:3      | Found a transporter.
  3108 | D:3      | Reached XP level 6. HP: 36/36 MP: 7/13
  3792 | D:4      | Found a hazy altar of Hepliaklqana.
  3902 | D:5      | Entered Level 5 of the Dungeon
  3902 | D:5      | Noticed Eustachio
  3948 | D:4      | Noticed a phantom
  3993 | D:4      | Killed a phantom
  3993 | D:4      | Reached skill level 6 in Spellcasting
  4284 | D:4      | Found a bloodstained altar of Trog.
  4380 | D:4      | Reached XP level 7. HP: 40/41 MP: 8/16
  4422 | D:4      | Found a shadowy altar of Dithmenos.
  4530 | D:4      | Found a radiant altar of Vehumet.
  4548 | D:4      | Killed Ijyb
  4685 | D:4      | Reached skill level 7 in Spellcasting
  5086 | D:4      | Became a worshipper of Vehumet
  5357 | D:5      | Noticed Grinder
  5385 | D:5      | Killed Grinder
  5385 | D:5      | Reached skill level 8 in Spellcasting
  5385 | D:5      | Reached XP level 8. HP: 22/46 MP: 1/20
  5829 | D:5      | Killed Eustachio
  5829 | D:5      | Reached skill level 9 in Spellcasting
  6278 | D:6      | Found a staircase to the Ecumenical Temple.
  6425 | D:7      | Noticed a hippogriff
  6722 | D:7      | Found a snail-covered altar of Cheibriados.
  6722 | D:7      | Found a shimmering altar of Xom.
  7372 | D:6      | Noticed Blork the orc
  7385 | D:6      | Killed Blork the orc
  7600 | D:6      | Reached skill level 10 in Spellcasting
  7600 | D:6      | Reached XP level 9. HP: 50/51 MP: 17/23
  7654 | D:6      | Found a shattered altar of Ashenzari.
  7959 | D:7      | Noticed an orc knight
  7972 | D:7      | Killed an orc knight
  7972 | D:7      | Reached * piety under Vehumet
  7972 | D:7      | Offered knowledge of Flame Tongue by Vehumet.
  7972 | D:7      | Reached skill level 11 in Spellcasting
  8644 | D:7      | Reached skill level 12 in Spellcasting
  8912 | D:7      | Reached XP level 10. HP: 56/56 MP: 12/26
  9579 | D:7      | Reached skill level 13 in Spellcasting
 10014 | D:7      | Noticed an orc knight
 10079 | D:7      | Killed an orc knight
 10165 | D:7      | Reached ** piety under Vehumet
 10165 | D:7      | Offered knowledge of Sting by Vehumet.
 10169 | D:7      | Learned a level 1 spell: Sting
 10437 | D:7      | Found an ornate altar of the Wu Jian Council.
 10824 | Temple   | Entered the Ecumenical Temple
 11223 | D:8      | HP: 2/56 [centaur/arrow (4)]
 11225 | D:8      | Shot with an arrow by a centaur

Levels and vault maps discovered:
D:1:      ldierk_water_garden, layout_rooms
D:2:      layout_basic, first_ration
D:3:      gammafunk_wand_slinger, layout_basic, minivault_26, kennysheep_potato
D:4:      layout_basic, fiery_altar_vehumet, marbit_many_paths,
          nicolae_dithmenos_the_darkroom, kennysheep_mini, uniq_ijyb
D:5:      layout_cave_pools, uniq_grinder, uniq_eustachio
D:6:      layout_gridville, minmay_temple_entry_from_below_b,
          cheibrodos_ashenzari_chains, uniq_blork_the_orc
D:7:      lemuel_castle_with_subvaults [lemuel_castle_interior_carwin_1],
          layout_cave_pools, gammafunk_temple_overflow_pools, basic_altar,
          serial_park
D:8:      layout_basic, lemuel_crystal_altar, lair_entry_dummy
D:9:      layout_roguey
Temple:   regret_index_temple_waves

Skill      XL: |  1  2  3  4  5  6  7  8  9 10 |
---------------+-------------------------------+-----
Conjurations   | 2 3 |  3.1
Spellcasting   | 4 5 6 8 10 12 13 | 13.8
Dodging        | |  2.0
Stealth        | |  2.6
Summonings     | |  1.0
Translocations | |  1.0

Action                   |  1- 3 |  4- 6 |  7- 9 | 10-12 || total
-------------------------+-------+-------+-------+-------++-------
Melee: Unarmed           |    32 |       |       |       ||    32
       Constrict         |     6 |     8 |    15 |    17 ||    46
       Tentacles         |     2 |    10 |     6 |    14 ||    32
       Spear             |     6 |    47 |   116 |       ||   169
       Dagger            |       |    51 |    53 |       ||   104
       Trident           |       |       |     1 |   100 ||   101
 Cast: Magic Dart        |    73 |    88 |   243 |    56 ||   460
       Call Imp          |     5 |    10 |    19 |     8 ||    42
       Mephitic Cloud    |       |     6 |    21 |    15 ||    42
       Blink             |       |     2 |     9 |     5 ||    16
       Conjure Flame     |       |     8 |    27 |    15 ||    50
       Slow              |       |       |     1 |     2 ||     3
       Sting             |       |       |       |    26 ||    26
Evoke: Wand              |       |       |     3 |       ||     3
  Use: Potion            |     1 |       |     2 |     4 ||     7
       Scroll            |       |       |    11 |       ||    11
 Stab: Confused          |       |     2 |     6 |     2 ||    10
       Distracted        |       |     1 |       |       ||     1
       Sleeping          |       |     1 |       |     1 ||     2
  Eat: Chunk             |     2 |     9 |    11 |     8 ||    30
       Ration            |       |       |     1 |       ||     1
Armor: Skin              |     8 |     4 |    15 |    14 ||    41
Dodge: Dodged            |    38 |    36 |    74 |    46 ||   194

Table legend:
 A = Non-vault XP
 B = Vault XP
 C = Vault XP percentage of total XP
 D = Non-vault monster count
 E = Vault monster count
 F = Vault count percentage of total count
                 A         B        C        D         E       F
            +---------+---------+-------+---------+---------+-------
      Total |    2850 |    5136 |  64.3 |     117 |      65 |  35.7
            +---------+---------+-------+---------+---------+-------
        D:1 |      26 |       0 |   0.0 |      18 |       0 |   0.0
        D:2 |      38 |       0 |   0.0 |      13 |       0 |   0.0
        D:3 |     225 |      77 |  25.5 |      27 |       5 |  15.6
        D:4 |     578 |      73 |  11.2 |      13 |       2 |  13.3
        D:5 |     322 |     394 |  55.0 |      14 |       2 |  12.5
        D:6 |     367 |     259 |  41.4 |       9 |       2 |  18.2
        D:7 |     814 |    4333 |  84.2 |      16 |      54 |  77.1
        D:8 |     480 |       0 |   0.0 |       7 |       0 |   0.0
            +---------+---------+-------+---------+---------+-------
